 Dungeon Crawl Stone Soup version 0.29.1-1-gd02db6906a (webtiles) character file.

Game seed: 16902976893309151917

89 Sanktem7 the Trooper (level 4, -22/42 HPs)
             Began as a Minotaur Fighter on Oct 2, 2022.
             Was an Initiate of Okawaru.
             Annihilated by an ogre
             ... wielding a +0 giant club
              (27 damage)
             ... on level 4 of the Dungeon.
             The game lasted 00:03:10 (2281 turns).

Sanktem7 the Trooper (Minotaur Fighter)             Turns: 2281, Time: 00:03:10

Health: -22/42     AC:  8    Str: 22    XL:     4   Next: 31%
Magic:  3/3        EV:  9    Int:  5    God:    Okawaru [......]
Gold:   139        SH:  5    Dex: 16    Spells: 3/3 levels left

rFire   . . .      SeeInvis .   a - +0 war axe {axe}
rCold   . . .      Faith    .   c - +0 buckler
rNeg    . . .      Spirit   .   b - +0 scale mail
rPois   .          Reflect  .   (helmet restricted)
rElec   .          Harm     .   (no cloak)
rCorr   .          Rampage  .   f - +0 pair of gloves
Will    .....                   (no boots)
Stlth   ..........              (no amulet)
HPRegen 0.14/turn               r - +6 ring of dexterity
MPRegen 0.08/turn               (no ring)

@: no status effects
A: horns 2, retaliatory headbutt
a: Renounce Religion


You were on level 4 of the Dungeon.
You worshipped Okawaru.
Okawaru was noncommittal.
You visited 1 branch of the dungeon, and saw 5 of its levels.

You collected 139 gold pieces.


Innate Abilities, Weirdness & Mutations

You have a pair of horns on your head.
You reflexively headbutt those who attack you in melee.


   Skills:
 * Level 5.1 Fighting
 * Level 4.3 Axes
 - Level 3.6 Armour
 - Level 3.6 Shields


You had 3 spell levels left.
You didn't know any spells.
Your spell library was empty.

Inventory:

Hand Weapons
 a - a +0 war axe (weapon) {axe}
 o - a +2 dagger of speed {short}
   (You took it off a kobold on level 2 of the Dungeon)
Missiles
 g - 6 boomerangs (quivered) {throwing}
 n - 24 stones {throwing}
Armour
 b - a +0 scale mail (worn)
 c - a +0 buckler (worn)
 f - a +0 pair of gloves (worn)
   (You found it on level 1 of the Dungeon)
Jewellery
 r - a +6 ring of dexterity (left hand)
   (You found it on level 2 of the Dungeon)
Wands
 p - a wand of mindburst (14)
   (You found it on level 2 of the Dungeon)
Scrolls
 h - 2 scrolls of identify {@r1}
 i - 4 scrolls of amnesia
 k - 2 scrolls of teleportation {@r4}
 q - a scroll of silence {!r}
 s - a scroll of butterflies
 t - a scroll of noise {unknown}
Potions
 d - a potion of might
 e - a potion of lignification {unknown}
 j - a potion of flight {unknown}
 l - a potion of haste {unknown}
 m - 2 potions of mutation {unknown}
 u - a potion of magic {unknown}

Dungeon Overview and Level Annotations

Branches:
Dungeon (5/15) Zot: 26938
 Temple: D:4-7

Altars:
Dithmenos
Elyvilon
Fedhas
Hepliaklqana
Okawaru
Sif Muna
Uskayaw
Yredelemnul

######..###
........#
........#
........#
.)......#######
#######........
#.####### #.#
########..#
##.#####...@O...#
#........########
##########


You could see an ogre.


Message History

Found an escape hatch in the floor.
You block the rat's attack.
You slash the rat!
You kill the rat!
Okawaru accepts your kill.
No target in view!
No target in view!
No target in view!
No target in view!
No target in view!
No target in view!
No target in view!
No target in view!
No target in view!
No target in view!
You see here a rat corpse.
A quokka comes into view.
A quokka is nearby!
You block the quokka's attack.
You closely miss the quokka.
The quokka bites you but does no damage.
The quokka barely misses you.
You closely miss the quokka.
The quokka bites you but does no damage.
You block the quokka's attack.
You closely miss the quokka.
The quokka bites you but does no damage.
You barely miss the quokka. The quokka closely misses you.
The quokka bites you but does no damage.
You barely miss the quokka.
The quokka bites you but does no damage.
You slash the quokka!
You kill the quokka!
Okawaru accepts your kill.
No target in view!
No target in view!
No target in view!
Found a stone staircase leading down.
t - a scroll labelled SOEHOA IGOEHI
n - 24 stones {throwing} (gained 1)
A sourceless malevolence fills the Dungeon...
You fall into a shaft and drop 2 floors!
The shaft crumbles and collapses.
You hear the hiss of flowing sand.
There is an entrance to an ossuary on this level.
Hurry and find it before the portal is buried!
Found a stone staircase leading up.
Found a stone staircase leading down.
There is a stone staircase leading up here.
You climb upwards.
You hear the sound of rushing water.
There is an entrance to a sewer on this level.
Hurry and find it before the portal rusts away!
The ball python hisses angrily.
There is a stone staircase leading down here.
The ball python barely misses you. The ball python closely misses you.
You see here a scroll of identify {@r1}.
You slash the ball python!
You kill the ball python!
Okawaru accepts your kill.
You see here a ball python corpse.
You see here a ball python corpse.
h - 2 scrolls of identify {@r1} (gained 1)
You see here a ball python corpse.
You now have 139 gold pieces (gained 14).
A dart slug comes into view.
The dart slug launches a dart at you.
The slug dart hits you but does no damage.
The dart slug launches a dart at you. The slug dart hits you. 😕 HP[-1]
You take 1 damage, and now have 41/42 hp.
The dart slug bites you but does no damage.
You hit the dart slug but do no damage.
You headbutt the dart slug, but do no damage.
The dart slug barely misses you. You furiously retaliate!
You headbutt the dart slug!
You kill the dart slug!
Okawaru accepts your kill.
You see here a dart slug corpse. 😎 HP[+1]
Your hp is fully restored (42).
u - a cyan potion You hear the slow rusting of a very distant drain.
An ogre comes into view. It is wielding a +0 giant club.
The ogre hits you with a +0 giant club! 😮 HP[-12]
You take 12 damage, and now have 30/42 hp.
MASSIVE DAMAGE!! (PAUSE)
You hit the ogre. You block the ogre's attack.
You hit the ogre. You headbutt the ogre.
The ogre hits you with a +0 giant club!!
Ouch! That really hurt!
* * * LOW HITPOINT WARNING * * *
😱 HP[-25]
You take 25 damage, and now have 5/42 hp.
MASSIVE DAMAGE!! (PAUSE)
You hit the ogre.
You headbutt the ogre, but do no damage.
The ogre hits you with a +0 giant club!!
Ouch! That really hurt!
You die...

Skill      XL: |  1  2  3  4 |
---------------+-------------+-----
Fighting       | 4 5 |  5.1
Axes           | 3 4 |  4.3
Armour         | |  3.6
Shields        | |  3.6

Action                   |  1- 3 |  4- 6 || total
-------------------------+-------+-------++-------
Melee: War axe           |    96 |    31 ||   127
       Headbutt          |     8 |     9 ||    17
  Use: Scroll            |       |     5 ||     5
Armor: Scale mail        |    45 |    13 ||    58
Dodge: Dodged            |    52 |     7 ||    59
Block: Buckler           |    22 |     4 ||    26

Levels and vault maps discovered:
D:1:      minmay_arrival_five_plusses, layout_basic, serial_bayou_lake_a
D:2:      layout_basic, minmay_misc_feat_plants
D:3:      layout_basic, nicolae_overflow_hallway_of_the_gods,
          lightli_temple_of_fire, chequers_ecumenical_altar_twisty,
          gammafunk_ghost_gnarly_gnolls, uniq_grinder
D:4:      layout_rooms, portal_sewer_entry_d,
          eino_small_chamber_without_monster, nrook_loot_triangle, st_stairs_9,
          minmay_a_box_with_orc_wizards_in_it, uniq_eustachio, uniq_sigmund
D:5:      layout_cave_pools, pdpol_temple_overflow_zin_treasury_gozag_greed,
          nicolae_ossuary_entry_monument, serial_co_window_serial,
          co_window_paths_a, co_window_of_opportunity_a, co_window_paths_a,
          co_window_of_opportunity_a, co_window_corner_a,
          co_window_of_opportunity_b, co_window_cross_2,
          co_window_of_opportunity_c, glass_columns_b, glass_columns_a,
          glass_columns_b, glass_columns_c, glass_columns_a

Notes
Turn   | Place    | Note
-------+----------+-------------------------------------------
     0 | D:1      | Sanktem7 the Minotaur Fighter began the quest for the Orb.
     0 | D:1      | Reached XP level 1. HP: 19/19 MP: 0/0
     0 | D:1      | magus.rc [v1.9.6]
   127 | D:1      | Reached skill level 4 in Fighting
   127 | D:1      | Reached XP level 2. HP: 22/27 MP: 1/1
   128 | D:1      | Reached skill level 3 in Axes
   435 | D:1      | Reached XP level 3. HP: 31/34 MP: 2/2
  1179 | D:2      | Reached skill level 4 in Axes
  1353 | D:2      | Reached XP level 4. HP: 37/41 MP: 3/3
  1599 | D:2      | Reached skill level 5 in Fighting
  2116 | D:3      | Found an iron altar of Okawaru.
  2118 | D:3      | Found a blossoming altar of Fedhas.
  2121 | D:3      | Found a shadowy altar of Dithmenos.
  2125 | D:3      | Became a worshipper of Warmaster Okawaru
  2136 | D:3      | Found a white marble altar of Elyvilon.
  2139 | D:3      | Found a hide-covered altar of Uskayaw.
  2141 | D:3      | Found a shimmering blue altar of Sif Muna.
  2145 | D:3      | Found a hazy altar of Hepliaklqana.
  2146 | D:3      | Found a basalt altar of Yredelemnul.
  2212 | D:3      | You fall into a shaft and drop 2 floors!
  2212 | D:5      | Entered Level 5 of the Dungeon
  2275 | D:4      | Noticed an ogre
  2280 | D:4      | HP: 5/42 [ogre/+0 giant club (25)]
  2281 | D:4      | Annihilated by an ogre

Vanquished Creatures
  2 adders (D:2)
  2 worms (D:2)
  A dart slug (D:4)
  7 ball pythons
  3 bats
  2 endoplasms
  5 giant cockroaches
  8 goblins
  4 hobgoblins
  7 jackals (D:1)
  4 quokkas
  4 frilled lizards (D:1)
  5 kobolds
  4 rats
58 creatures vanquished.

Vanquished Creatures (others)
  3 plants
3 creatures vanquished.

Grand Total: 61 creatures vanquished

Table legend:
 A = Non-vault XP
 B = Vault XP
 C = Vault XP percentage of total XP
 D = Non-vault monster count
 E = Vault monster count
 F = Vault count percentage of total count
                 A         B        C        D         E       F
            +---------+---------+-------+---------+---------+-------
      Total |     128 |       0 |   0.0 |      58 |       0 |   0.0
            +---------+---------+-------+---------+---------+-------
        D:1 |      61 |       0 |   0.0 |      36 |       0 |   0.0
        D:2 |      56 |       0 |   0.0 |      17 |       0 |   0.0
        D:3 |       5 |       0 |   0.0 |       3 |       0 |   0.0
        D:4 |       6 |       0 |   0.0 |       2 |       0 |   0.0
            +---------+---------+-------+---------+---------+-------

Illustrated notes

Table legend:
 A = Kills in this place as a percentage of kills in entire the game.
 B = Kills by you in this place as a percentage of kills by you in the entire game.
 C = Kills by friends in this place as a percentage of kills by friends in the entire game.
 D = Other kills in this place as a percentage of other kills in the entire game.
 E = Experience gained in this place as a percentage of experience gained in the entire game.
 F = Experience gained in this place divided by the number of levels of this place that you have seen.
                   A       B       C       D       E      F
               +-------+-------+-------+-------+-------+----------------------
         Total | 100.0 | 100.0 |   N/A |   N/A | 100.0 |  25.6
       Dungeon | 100.0 | 100.0 |   N/A |   N/A | 100.0 |  25.6
               +-------+-------+-------+-------+-------+----------------------

Table legend: (Time is in decaauts)
 A = Elapsed time spent in this place.
 B = Non-inter-level travel time spent in this place.
 C = Inter-level travel time spent in this place.
 D = Time resting spent in this place.
 E = Time spent auto-exploring this place.
 F = Levels seen in this place.
 G = Mean time per level.
                   A        B        C        D        E       F      G
               +--------+--------+--------+--------+--------+-----+--------+
         Total |   2348 |   2305 |     43 |      0 |   1879 |   5 |  469.6 |
       Dungeon |   2348 |   2305 |     43 |      0 |   1879 |   5 |  469.6 |
               +--------+--------+--------+--------+--------+-----+--------+

Top non-repeatable levels by time:
     D:2: 1125 daAuts
     D:1: 1040 daAuts
     D:3: 112 daAuts
     D:4: 59 daAuts
     D:5: 9 daAuts
